 Dungeon Crawl Stone Soup version 0.29-a0-206-g4a66f2e2b5 (webtiles) character file.

Game seed: 1074991357027777889

926 Crownlay the Quickloader (level 7, 0/56 HPs)
             Began as a Minotaur Hunter on Feb 23, 2022.
             Was a Follower of the Shining One.
             Slain by a water moccasin (8 damage)
             ... on level 6 of the Dungeon.
             The game lasted 00:06:17 (5198 turns).

Crownlay the Quickloader (Minotaur Hunter)          Turns: 5198, Time: 00:06:17

Health: 0/56       AC:  3    Str: 22    XL:     7   Next: 85%
Magic:  8/8        EV: 16    Int:  8    God:    the Shining One [*.....]
Gold:   356        SH:  0    Dex: 13    Spells: 6/6 levels left

rFire   . . .      SeeInvis .   a - +3 hand crossbow
rCold   . . .      Faith    .   (no shield)
rNeg    . . .      Spirit   .   b - +0 leather armour
rPois   .          Reflect  .   (helmet restricted)
rElec   .          Harm     .   (no cloak)
rCorr   .          Rampage  .   (no gloves)
Will    .....                   (no boots)
Stlth   +.........              (no amulet)
HPRegen 0.18/turn               j - +6 ring of strength
MPRegen 0.11/turn               h - +4 ring of evasion

@: lethally poisoned (0 -> -13), glowing
A: horns 2, retaliatory headbutt
a: Renounce Religion, Divine Shield


You were on level 6 of the Dungeon.
You worshipped the Shining One.
The Shining One was aware of your devotion.
You visited 1 branch of the dungeon, and saw 6 of its levels.

You collected 356 gold pieces.

Inventory:

Hand Weapons
 a - a +3 hand crossbow (weapon)
 i - a +2 dagger of venom
 p - a +2 vorpal hand axe
Armour
 b - a +0 leather armour (worn)
 f - a +0 tower shield
Jewellery
 h - a +4 ring of evasion (right hand)
 j - a +6 ring of strength (left hand)
 u - a ring of resist corrosion
Scrolls
 e - a scroll of acquirement {unknown}
 k - 2 scrolls of amnesia
 l - a scroll of magic mapping {unknown}
 q - a scroll of brand weapon {unknown}
 r - 2 scrolls of teleportation
 x - a scroll of vulnerability {unknown}
Potions
 d - 2 potions of invisibility {unknown}
 g - a potion of brilliance {unknown}
 n - a potion of curing {unknown}
 o - 4 potions of heal wounds {unknown}
 s - a potion of might {unknown}
 t - a potion of flight {unknown}
 v - a potion of magic {unknown}
 z - a potion of mutation {unknown}


   Skills:
 - Level 2.4 Fighting
 * Level 8.5 Crossbows
 - Level 2.5 Dodging
 - Level 0.7 Stealth
 + Level 5.1 Shields
 + Level 3.6 Invocations


You had 6 spell levels left.
You didn't know any spells.
Your spell library contained the following spells:

 Spells                   Type           Power      Damage    Failure   Level
 Animate Dead             Necr           0%         N/A       99%         4
 Haunt                    Necr/Summ      0%         N/A       100%        7
 Infestation              Necr           0%         N/A       100%        8


Dungeon Overview and Level Annotations

Branches:
Dungeon (6/15)             Temple (0/1) D:4

Altars:
Cheibriados
Sif Muna
The Shining One

Shops:
D:2 [


Innate Abilities, Weirdness & Mutations

You have a pair of horns on your head.
You reflexively headbutt those who attack you in melee.


Message History

The water moccasin bites you!
You are poisoned.
The water moccasin poisons you! The water moccasin bites you.
Your Shields skill increases to level 5!
You shoot a bolt.
The bolt hits the water moccasin but does no damage.
You feel very sick. The water moccasin bites you!
You are more poisoned.
The water moccasin poisons you!
You shoot a bolt.
The bolt closely misses the water moccasin.
You feel very sick. The water moccasin closely misses you.
You furiously retaliate!
You headbutt the water moccasin. The water moccasin barely misses you.
You furiously retaliate!
You headbutt the water moccasin, but do no damage.
You are too injured to fight recklessly!
You are too injured to fight recklessly!
You are too injured to fight recklessly!
You are too injured to fight recklessly!
You are too injured to fight recklessly!
You are too injured to fight recklessly!
Shoot: a) +3 hand crossbow
Press: ? - help, Shift-Dir - straight line, f/p - water moccasin
Aim: a water moccasin (lightly wounded, haloed, 67% to hit)
You shoot a bolt. The bolt hits the water moccasin.
The water moccasin is moderately wounded.
You feel very sick. The water moccasin bites you!
* * * LOW HITPOINT WARNING * * *
Shoot: a) +3 hand crossbow
Press: ? - help, Shift-Dir - straight line, f/p - water moccasin
Aim: a water moccasin (moderately wounded, haloed, 67% to hit)
You shoot a bolt. The bolt hits the water moccasin.
The water moccasin is heavily wounded.
* * * LOW HITPOINT WARNING * * *
You feel very sick. The water moccasin bites you!
You die...

..#... .#.?.
#.... .... ...
###†##
#..†S#######
#..@.#.....#
.###....#.....#
........#.....#
...............#
...............#
..........###.###
..........# #.#
..........###.#
.^.........#..#


You could see a water moccasin.

Vanquished Creatures
  A black bear (D:4)
  An ice beast (D:6)
  An ogre (D:5)
  A scorpion (D:6)
  A wyvern zombie (D:6)
  A water moccasin zombie (D:5)
  A wyvern skeleton (D:5)
  A water moccasin skeleton (D:4)
  A centaur zombie (D:4)
  A bullfrog zombie (D:5)
  3 hounds
  A bullfrog skeleton (D:5)
  3 orc wizards
  3 adders
  An ufetubus (D:5)
  2 worms (D:3)
  A dart slug (D:1)
  10 orcs
  4 bats
  2 endoplasms
  A giant cockroach (D:2)
  4 goblins
  6 hobgoblins
  6 jackals
  2 quokkas (D:2)
  9 ball pythons
  3 frilled lizards
  7 kobolds
  9 rats
87 creatures vanquished.

Notes
Turn   | Place    | Note
-------+----------+-------------------------------------------
     0 | D:1      | Crownlay the Minotaur Hunter began the quest for the Orb.
     0 | D:1      | Reached XP level 1. HP: 18/18 MP: 0/0
   225 | D:1      | Reached XP level 2. HP: 25/25 MP: 1/1
   430 | D:1      | Reached skill level 5 in Crossbows
   693 | D:1      | You fall into a shaft and drop 1 floor!
   748 | D:2      | Reached skill level 1 in Shields
   748 | D:2      | Reached XP level 3. HP: 29/30 MP: 2/2
  1657 | D:2      | Found Nacsyb's Antique Armour Boutique.
  1999 | D:3      | Reached XP level 4. HP: 6/37 MP: 3/3
  2276 | D:3      | Found a glowing golden altar of the Shining One.
  2527 | D:3      | Became a worshipper of the Shining One
  2664 | D:3      | Found a snail-covered altar of Cheibriados.
  2978 | D:4      | Reached skill level 6 in Crossbows
  2983 | D:4      | Reached XP level 5. HP: 27/42 MP: 4/4
  3152 | D:4      | Noticed a black bear
  3161 | D:4      | Killed a black bear
  3162 | D:4      | Reached skill level 1 in Invocations
  3436 | D:4      | Reached XP level 6. HP: 43/50 MP: 6/6
  3709 | D:4      | Found a staircase to the Ecumenical Temple.
  3744 | D:4      | Found a shimmering blue altar of Sif Muna.
  3778 | D:5      | Entered Level 5 of the Dungeon
  3831 | D:5      | Reached skill level 7 in Crossbows
  3987 | D:5      | Reached XP level 7. HP: 15/56 MP: 6/8
  4242 | D:5      | Reached * piety under the Shining One
  4602 | D:5      | Reached skill level 8 in Crossbows
  5195 | D:6      | Reached skill level 5 in Shields
  5198 | D:6      | Slain by a water moccasin

Illustrated notes

Levels and vault maps discovered:
D:1:      dpeg_arrival_lava_temple_mockup, layout_loops_cross
D:2:      layout_basic, serial_shops, nicolae_diamond_shop, minmay_3d_cube
D:3:      layout_loops_ring, nicolae_tso_swordbearing_angel,
          cheibrodos_worm_habitat, minmay_fractal_squares_5
D:4:      layout_rooms, lemuel_blue_sif_altar, temple_hall, minmay_unequal
D:5:      layout_basic
D:6:      layout_rooms, nicolae_shop_unique_rings

Skill      XL: |  1  2  3  4  5  6  7 |
---------------+----------------------+-----
Crossbows      | 5 6 7 8 |  8.5
Shields        | 1 2 3 4 5 |  5.1
Invocations    | 1 2 3 |  3.6
Fighting       | |  2.4
Dodging        | |  2.5
Stealth        | |  0.7

Action                   |  1- 3 |  4- 6 |  7- 9 || total
-------------------------+-------+-------+-------++-------
Melee: Hand axe          |    12 |       |       ||    12
 Fire: Hand crossbow     |   108 |   113 |    78 ||   299
  Use: Scroll            |       |       |     6 ||     6
Armor: Leather armour    |    14 |    19 |     7 ||    40
Dodge: Dodged            |    22 |    75 |    55 ||   152

Table legend: (Time is in decaauts)
 A = Elapsed time spent in this place.
 B = Non-inter-level travel time spent in this place.
 C = Inter-level travel time spent in this place.
 D = Time resting spent in this place.
 E = Time spent auto-exploring this place.
 F = Levels seen in this place.
 G = Mean time per level.
                   A        B        C        D        E       F      G
               +--------+--------+--------+--------+--------+-----+--------+
         Total |   5273 |   5080 |    193 |      0 |   4484 |   6 |  878.8 |
       Dungeon |   5273 |   5080 |    193 |      0 |   4484 |   6 |  878.8 |
               +--------+--------+--------+--------+--------+-----+--------+

Top non-repeatable levels by time:
     D:5: 1260 daAuts
     D:3: 1131 daAuts
     D:2: 1004 daAuts
     D:4: 994 daAuts
     D:1: 704 daAuts
     D:6: 177 daAuts
